 Dungeon Crawl Stone Soup version 0.28-a0-178-ga708605c5b (webtiles) character file.

Game seed: 13036037510797499595

1022 Tocho the Conjurer (level 8, -3/44 HPs)
             Began as a Kobold Conjurer on Aug 17, 2021.
             Was a Follower of Vehumet.
             Slain by Duvessa (13 damage)
             ... on level 5 of the Dungeon.
             The game lasted 00:17:25 (6357 turns).

Tocho the Conjurer (Kobold Conjurer)                Turns: 6357, Time: 00:17:26

Health: -3/44      AC:  6    Str:  4    XL:     8   Next: 46%
Magic:  5/14       EV: 15    Int: 24    God:    Vehumet [*.....]
Gold:   287        SH:  0    Dex: 14    Spells: 13/16 levels left

rFire   . . .      SeeInvis .   g - +6 hunting sling of Gozag's Righteous Fury {freeze, rElec rPois rC-}
rCold   x . .      Faith    .   (shield restricted)
rNeg    . . .      Spirit   .   a - +1 robe
rPois   +          Reflect  .   s - +2 helmet {Int+3}
rElec   +          Harm     .   (no cloak)
rCorr   .          Rampage  .   (no gloves)
Will    .....                   (no boots)
Stlth   ++++......              (no amulet)
HPRegen 0.14/turn               (no ring)
MPRegen 0.14/turn               (no ring)

@: no status effects
A: small, no large weapons, nightstalker 3
a: Renounce Religion


You were on level 5 of the Dungeon.
You worshipped Vehumet.
Vehumet was aware of your devotion.
You visited 1 branch of the dungeon, and saw 5 of its levels.

You collected 287 gold pieces.

Inventory:

Hand Weapons
 e - a +0 short sword of freezing
 g - the +6 hunting sling of Gozag's Righteous Fury (weapon) {freeze, rElec rPois rC-}
   (You took it off an orc on level 3 of the Dungeon)

   Any ammunition fired from it freezes those it strikes, dealing additional
   cold damage.
   It can also slow down cold-blooded creatures.
   rC:        It makes you vulnerable to cold.
   rElec:     It insulates you from electricity.
   rPois:     It protects you from poison.
 k - a +2 vorpal hunting sling
 r - a +5 whip of electrocution
Missiles
 b - 35 sling bullets (quivered ammo)
 i - 53 poisoned darts
Armour
 a - a +1 robe (worn)
 f - a scarf of harm
 m - a +0 leather armour
 s - a +2 helmet of intelligence (worn)
Wands
 q - a wand of flame (18)
Scrolls
 d - a scroll of enchant armour
 j - a scroll of teleportation {unknown}
Potions
 c - a potion of curing
 h - 3 potions of haste
 n - 2 potions of might {unknown}
 o - 4 potions of lignification {unknown}
 p - 2 potions of flight {unknown}
 u - a potion of mutation {unknown}
 v - a potion of ambrosia {unknown}


   Skills:
 + Level 2.2 Fighting
 + Level 1.0 Short Blades
 + Level 0.7 Maces & Flails
 + Level 4.5 Slings
 + Level 3.8 Dodging
 + Level 4.8 Stealth
 + Level 4.6 Spellcasting
 + Level 6.2 Conjurations


You had 13 spell levels left.
You knew the following spells:

 Your Spells              Type           Power      Damage    Failure   Level
a - Magic Dart            Conj           100%       1d8       1%          1
b - Searing Ray           Conj           70%        3d5       1%          2

Your spell library contained the following spells:

 Spells                   Type           Power      Damage    Failure   Level
 Foxfire                  Conj/Fire      80%        2x1d8     2%          1
 Dazzling Flash           Conj/Hex       40%        N/A       8%          3
 Animate Skeleton         Necr           10%        N/A       10%         1
 Apportation              Tloc           10%        N/A       10%         1
 Corona                   Hex            5%         N/A       10%         1
 Summon Small Mammal      Summ           20%        N/A       10%         1
 Mephitic Cloud           Conj/Pois/Air  15%        N/A       12%         3
 Fulminant Prism          Conj/Hex       10%        3d9       26%         4
 Iskenderun's Mystic Bla  Conj/Tloc      20%        2d6       26%         4
 Ignite Poison            Fire/Tmut/Pois 5%         N/A       28%         3
 Bolt of Magma            Conj/Fire/Erth 7%         4d6       71%         5


Dungeon Overview and Level Annotations

Branches:
Dungeon (5/15)             Temple (0/1) D:5

Altars:
Dithmenos
Vehumet
Zin
Beogh

Annotations:
D:5 Duvessa


Innate Abilities, Weirdness & Mutations

You are small and have problems with some larger weapons.
You are completely attuned to the shadows.


Message History

Aim: Duvessa, wielding a +0 short sword, wearing a +3 ring mail of fire resistance and carrying a wand of polymorph (14) (moderately wounded, berserk, 86% to hit)
The searing ray hits Duvessa.
Duvessa is moderately wounded. (Press . to maintain the ray.)
The searing ray hits Duvessa!
Duvessa is heavily wounded.
Duvessa hits you with a +0 short sword.
The searing ray hits Duvessa.
Duvessa is heavily wounded.
Duvessa closely misses you. Duvessa barely misses you.
The searing ray hits Duvessa.
Duvessa is heavily wounded.
You finish channeling your searing ray.
Duvessa barely misses you. Duvessa closely misses you.
Duvessa hits you with a +0 short sword!
Casting: Searing Ray (safe; 1% risk of failure)
Confirm with . or Enter, or press ? or * to list all spells.
Aiming: Searing Ray (safe; 1% risk of failure)
Press: ? - help, Shift-Dir - straight line, f/p - Duvessa
Aim: Duvessa, wielding a +0 short sword, wearing a +3 ring mail of fire resistance and carrying a wand of polymorph (14) (heavily wounded, berserk, 86% to hit)
The searing ray hits Duvessa!
Duvessa is severely wounded. (Press . to maintain the ray.) Duvessa closely misses you.
The searing ray hits Duvessa.
Duvessa is almost dead.
Duvessa misses you. Duvessa closely misses you.
The searing ray hits Duvessa.
Duvessa is almost dead.
Duvessa completely misses you.
The searing ray hits Duvessa but does no damage.
Duvessa is almost dead.
You finish channeling your searing ray.
Duvessa hits you with a +0 short sword!
* * * LOW HITPOINT WARNING * * *
Duvessa hits you with a +0 short sword!
* * * LOW HITPOINT WARNING * * *
You feel better. Duvessa hits you with a +0 short sword!
* * * LOW HITPOINT WARNING * * *
You feel better. Duvessa barely misses you.
Duvessa hits you with a +0 short sword!
You die...

# #.####..######..#
#....#..........# .
#e.....#..........## .
#.####.###########'####
# ###. #)# ....<..... .
....####)####
.######### #..
#..()).....###.# #.#
#......e........# ...
.#######@##.##..# #.#
#...##.##..# #.#
............#########
..#
#....................
..#
#.##....##.########.#
.## #.#####.##.# #.#
.### #.# #†##.# #.#
...# #.# #.##.# #.#
.#.## ####.#####.##.#
#.#


You could see Duvessa (berserk).

Vanquished Creatures
  An ice beast (D:4)
  A necrophage (D:4)
  A black bear (D:4)
  2 centaurs (D:5)
  The ghost of Browhatthe3 the Sneak, an amateur OpFE (D:3)
  A water moccasin zombie (D:5)
  A water moccasin skeleton (D:5)
  Dowan (D:5)
  3 hounds
  An orc priest (D:3)
  3 iguanas
  Robin (D:3)
  2 adders (D:5)
  4 gnolls (D:5)
  A worm (D:5)
  5 dart slugs
  16 orcs
  6 ball pythons
  7 bats
  6 endoplasms
  2 giant cockroaches
  10 goblins
  7 hobgoblins
  4 jackals
  7 kobolds
  4 quokkas
  2 frilled lizards (D:1)
  3 rats
103 creatures vanquished.

Notes
Turn   | Place    | Note
-------+----------+-------------------------------------------
     0 | D:1      | Tocho the Kobold Conjurer began the quest for the Orb.
     0 | D:1      | Reached XP level 1. HP: 10/10 MP: 3/3
    19 | D:1      | Found a faded altar of an unknown god.
   284 | D:1      | Reached XP level 2. HP: 15/15 MP: 1/5
   287 | D:1      | Learned a level 2 spell: Searing Ray
   703 | D:1      | Reached XP level 3. HP: 19/19 MP: 0/6
  1906 | D:2      | You fall into a shaft and drop 2 floors!
  2461 | D:3      | Reached skill level 5 in Conjurations
  2461 | D:3      | Reached XP level 4. HP: 24/24 MP: 2/8
  2661 | D:3      | Found a shadowy altar of Dithmenos.
  2752 | D:3      | Reached skill level 1 in Slings
  2757 | D:3      | Found a runed translucent gate.
  2757 | D:3      | Found a runed translucent gate.
  2758 | D:3      | Found a runed translucent gate.
  2761 | D:3      | Noticed Browhatthe3's ghost (amateur OpFE)
  2764 | D:3      | Identified the +6 hunting sling of Gozag's Righteous Fury
                  | {freeze, rElec rPois rC-}
  2946 | D:3      | Noticed Robin
  2949 | D:3      | Reached XP level 5. HP: 27/28 MP: 5/9
  2951 | D:3      | Killed Robin
  3183 | D:3      | Found a radiant altar of Vehumet.
  3310 | D:3      | Became a worshipper of Vehumet
  3508 | D:4      | Reached skill level 1 in Short Blades
  3593 | D:4      | Reached XP level 6. HP: 32/33 MP: 2/10
  3599 | D:4      | Found a glowing silver altar of Zin.
  4029 | D:4      | Noticed a necrophage
  4032 | D:4      | Killed a necrophage
  4033 | D:4      | Reached skill level 1 in Fighting
  4596 | D:3      | Killed Browhatthe3's ghost
  4597 | D:3      | Reached XP level 7. HP: 34/38 MP: 6/12
  4959 | D:5      | Entered Level 5 of the Dungeon
  4966 | D:5      | HP: 1/38 [ice beast (15)]
  5056 | D:4      | HP: 1/38 [ice beast (10)]
  5581 | D:5      | Reached XP level 8. HP: 42/44 MP: 12/14
  5695 | D:5      | Found a staircase to the Ecumenical Temple.
  5768 | D:5      | Reached skill level 6 in Conjurations
  6271 | D:5      | Reached * piety under Vehumet
  6271 | D:5      | Offered knowledge of Foxfire by Vehumet.
  6303 | D:5      | Noticed Dowan
  6316 | D:5      | Killed Dowan
  6345 | D:5      | Noticed Duvessa
  6355 | D:5      | HP: 2/44 [Duvessa (8)]
  6357 | D:5      | Slain by Duvessa

Illustrated notes

Levels and vault maps discovered:
D:1:      evilmike_arrival_crescent, layout_loops_ring, basic_ecumenical_altar
D:2:      wad_lake_hut, layout_basic, minmay_stone_trees_small, minivault_14,
          kennysheep_potato
D:3:      layout_rooms, general_overflow_altar, amcnicky_altar_gilded,
          biasface_ghost_orc_armoury, grunt_decor_cap, uniq_robin
D:4:      layout_gridville, zin_statuary
D:5:      layout_loops_ring, minmay_temple_entry_sparse_star,
          kennysheep_pointless_box, uniq_duvessa

Skill      XL: |  1  2  3  4  5  6  7  8 |
---------------+-------------------------+-----
Conjurations   | 5 6 |  6.2
Stealth        | 3 4 |  4.8
Slings         | 1 2 3 4 |  4.5
Spellcasting   | 3 4 |  4.6
Dodging        | 3 |  3.8
Short Blades   | 1 |  1.0
Fighting       | 1 2 |  2.2
Maces & Flails | |  0.7

Action                   |  1- 3 |  4- 6 |  7- 9 || total
-------------------------+-------+-------+-------++-------
Melee: Short sword       |    12 |       |       ||    12
       Whip              |       |     1 |     1 ||     2
 Fire: Hunting sling     |     9 |    26 |    27 ||    62
 Cast: Magic Dart        |    46 |       |     8 ||    54
       Searing Ray       |     6 |    21 |    17 ||    44
  Use: Scroll            |       |     8 |     1 ||     9
       Potion            |       |       |     2 ||     2
 Stab: Sleeping          |     1 |       |       ||     1
Armor: Robe              |     8 |     4 |    11 ||    23
Dodge: Dodged            |    17 |     9 |    34 ||    60

Table legend: (Time is in decaauts)
 A = Elapsed time spent in this place.
 B = Non-inter-level travel time spent in this place.
 C = Inter-level travel time spent in this place.
 D = Time resting spent in this place.
 E = Time spent auto-exploring this place.
 F = Levels seen in this place.
 G = Mean time per level.
                   A        B        C        D        E       F      G
               +--------+--------+--------+--------+--------+-----+--------+
         Total |   6441 |   5953 |    488 |     45 |   4935 |   5 | 1288.2 |
       Dungeon |   6441 |   5953 |    488 |     45 |   4935 |   5 | 1288.2 |
               +--------+--------+--------+--------+--------+-----+--------+

Top non-repeatable levels by time:
     D:4: 1776 daAuts
     D:2: 1561 daAuts
     D:3: 1206 daAuts
     D:1: 1054 daAuts
     D:5: 842 daAuts
